 Dungeon Crawl Stone Soup version 0.24.0-123-gd5b16e6ec5 (webtiles) character file.

Game seed: 15757224102497761528, levelgen mode: deterministic

32 glosham the Skirmisher (level 3, -8/29 HPs)
             Began as a Mummy Abyssal Knight on Jan 11, 2020.
             Was a Follower of Lugonu.
             Killed from afar by a starcursed mass (9 damage)
             ... with an accursed screaming
             ... on level 3 of the Abyss.
             The game lasted 00:07:52 (241 turns).

glosham the Skirmisher (Mummy Abyssal Knight)        Turns: 241, Time: 00:07:52

Health: -8/29      AC:  3    Str: 16      XL:     3   Next: 8%
Magic:  4/4        EV: 11    Int: 11      God:    Lugonu [*.....]
Gold:   43         SH:  0    Dex:  6 (11) Spells: 2/2 levels left

rFire    x . .     SeeInvis .   a - +1 hand axe
rCold    + . .     Gourm    .   (no shield)
rNeg     + + +     Faith    .   b - +0 leather armour
rPois    ∞         Spirit   .   (no helmet)
rElec    .         Reflect  .   (no cloak)
rCorr    .         Harm     .   (no gloves)
MR       .....                  (no boots)
Stlth    +.........             (no amulet)
HPRegen  0.09/turn              (no ring)
MPRegen  0.09/turn              (no ring)

@: no status effects
A: no food or potions, fire vulnerability, cold resistance 1, negative energy
resistance 3, torment resistance, unbreathing
a: Depart the Abyss, Renounce Religion


You were on level 3 of the Abyss.
You worshipped Lugonu.
Lugonu was aware of your devotion.
You were not hungry.

You visited 0 branches of the dungeon, and saw 0 of its levels.
You visited the Abyss 1 time.

You collected 43 gold pieces.

Inventory:

Hand Weapons
 a - a +1 hand axe (weapon)
 d - a +0 morningstar
Armour
 b - a +0 leather armour (worn)
 c - a cursed +0 robe
Wands
 f - a wand of polymorph (7)


   Skills:
 - Level 3.0 Fighting
 - Level 1.5 Axes
 - Level 1.5 Armour
 - Level 0.7 Dodging
 - Level 1.5 Invocations
 * Level 2.2 Evocations


You had 2 spell levels left.
You didn't know any spells.
Your spell library was empty.

Dungeon Overview and Level Annotations

Branches:
Dungeon (0/15)

Altars:


Innate Abilities, Weirdness & Mutations

You do not eat or drink.
Your flesh is vulnerable to fire.
You are immune to poison.
Your flesh is cold resistant. (rC+)
You are immune to negative energy. (rN+++)
You are immune to unholy pain and torment.
You can survive without breathing.


Message History

The quasit claws you but does no damage.
The quasit is engulfed in freezing vapours.
The quasit closely misses you. The quasit claws you.
The quasit closely misses you.
You closely miss the quasit.
The quasit is severely wounded.
The quasit is engulfed in freezing vapours.
You kill the quasit!
You feel your strength returning.
Your Evocations skill gained 2 levels and is now at level 2!
You have reached level 2!
You have reached level 3!
Your experience leads to an increase in your attributes!
Your base attributes are Str 15, Int 11, Dex 11.
Increase (S)trength, (I)ntelligence, or (D)exterity?
You feel stronger.
The substance of the Abyss twists violently, and a gateway leading out appears!
There is a gateway leading out of the Abyss here.
An ancient zyme comes into view.
A raiju comes into view.
A small abomination comes into view.
The small abomination completely misses you.
The small abomination hits you!
Evoke which item? (* to show all) (? for menu, Esc to quit)
Aiming: Polymorph
Press: ? - help, Shift-Dir - straight line, f - small abomination
Aim: a small abomination (not susceptible)
Okay, then.
The small abomination completely misses you.
A starcursed mass comes into view.
A starcursed mass splits.
Found a glowing robe.
The small abomination barely misses you.
A chorus of shrieks assaults your mind.
You see here a glowing robe.
c - a glowing robe The small abomination hits you!
* * * LOW HITPOINT WARNING * * *
A starcursed mass splits.
A chorus of shrieks assaults your mind.
You die...

# # .### #.######
.# #.##.#
#.##..#x.#### ..
.#.#..###....#..#.#
. #.#### ...#.#.#
.# . .
####.##.###...# ##.
... ## #.# #.#.# #
## #..####XX##
####.###..X.#
#.....@x###.#
#.#.###.# #.# .#.#
## #. .# .. .# ###
#. #


You could see 3 starcursed masses and a small abomination.

Vanquished Creatures
  A quasit (Abyss:3)
1 creature vanquished.

Notes
Turn   | Place    | Note
-------+----------+-------------------------------------------
     0 | Abyss:1  | glosham the Mummy Abyssal Knight began the quest for the
                  | Orb.
     0 | Abyss:1  | Reached XP level 1. HP: 18/18 MP: 2/2
    22 | Abyss:1  | Noticed a wretched star
    41 | Abyss:2  | Noticed a large abomination
    81 | Abyss:2  | Noticed a tentacled starspawn
   103 | Abyss:3  | Noticed an entropy weaver
   141 | Abyss:3  | Noticed a freezing wraith
   149 | Abyss:3  | Found a corrupted altar of Lugonu.
   173 | Abyss:3  | Noticed a quasit
   188 | Abyss:3  | Killed a quasit
   188 | Abyss:3  | Reached skill level 2 in Evocations
   188 | Abyss:3  | Reached XP level 2. HP: 17/24 MP: 3/3
   188 | Abyss:3  | Reached XP level 3. HP: 21/29 MP: 4/4
   213 | Abyss:3  | Noticed an ancient zyme
   213 | Abyss:3  | Noticed a raiju
   218 | Abyss:3  | Noticed a small abomination
   235 | Abyss:3  | Noticed a starcursed mass
   241 | Abyss:3  | HP: 1/29 [small abomination (8)]
   241 | Abyss:3  | Killed from afar by a starcursed mass

Levels and vault maps discovered:
Abyss:3:  nicolae_abyss_rune_left_handed, guppyfry_abyss_exit_imp_island,
          evilmike_abyss_rune_tso_outpost, evilmike_abyss_exit_3,
          doesnt_abyss_rune_brain_food, evilmike_abyss_exit_8,
          evilmike_nicolae_abyss_rune_betentacled_crabyss

Skill      XL: |  1 |
---------------+----+-----
Evocations     | 2 |  2.2
Fighting       | |  3.0
Axes           | |  1.5
Armour         | |  1.5
Dodging        | |  0.7
Invocations    | |  1.5

Action                   || total
-------------------------++-------
Melee: Hand axe          ||     2
Evoke: Wand              ||     6
       Box of beasts     ||     3
  Use: Scroll            ||     3
Armor: Leather armour    ||     5
Dodge: Dodged            ||    16

Table legend:
 A = Turns spent in this place as a percentage of turns spent in the entire game.
 B = Non-inter-level travel turns spent in this place as a percentage of non-inter-level travel turns spent in the entire game.
 C = Inter-level travel turns spent in this place as a percentage of turns spent in this place.
 D = Turns resting spent in this place as a percentage of non-inter-level travel turns spent in this place.
 E = Turns spent auto-exploring this place as a percentage of non-inter-level travel turns spent in this place.
 F = Non-inter-level travel turns spent in this place divided by the number of levels of this place that you've seen.
                   A       B       C       D       E      F
               +-------+-------+-------+-------+-------+----------------------
         Total | 100.0 | 100.0 |   0.0 |   0.0 |   0.0 |  80.3
         Abyss | 100.0 | 100.0 |   0.0 |   0.0 |   0.0 |  80.3
               +-------+-------+-------+-------+-------+----------------------

Table legend:
 A = Kills in this place as a percentage of kills in entire the game.
 B = Kills by you in this place as a percentage of kills by you in the entire game.
 C = Kills by friends in this place as a percentage of kills by friends in the entire game.
 D = Other kills in this place as a percentage of other kills in the entire game.
 E = Experience gained in this place as a percentage of experience gained in the entire game.
 F = Experience gained in this place divided by the number of levels of this place that you have seen.
                   A       B       C       D       E      F
               +-------+-------+-------+-------+-------+----------------------
         Total | 100.0 | 100.0 |   N/A |   N/A | 100.0 |  15.3
         Abyss | 100.0 | 100.0 |   N/A |   N/A | 100.0 |  15.3
               +-------+-------+-------+-------+-------+----------------------

Levels and vault maps discovered:
Abyss:3:  nicolae_abyss_rune_left_handed, guppyfry_abyss_exit_imp_island,
          evilmike_abyss_rune_tso_outpost, evilmike_abyss_exit_3,
          doesnt_abyss_rune_brain_food, evilmike_abyss_exit_8,
          evilmike_nicolae_abyss_rune_betentacled_crabyss
